 Dungeon Crawl Stone Soup version 0.21-a0-150-gc243083 (webtiles) character file.

84 namelastname112 the Skirmisher (level 4, -1/38 HPs)
             Began as a Draconian Wanderer on July 27, 2017.
             Killed from afar by Natasha (6 damage)
             ... with a magic dart
             ... on level 2 of the Dungeon.
             The game lasted 00:02:30 (1893 turns).

namelastname112 the Skirmisher (Draconian Wanderer) Turns: 1893, Time: 00:02:31

Health: -1/38      AC:  5    Str: 16    XL:     4   Next: 23%
Magic:  7/7        EV: 12    Int: 12    God:
Gold:   139        SH:  0    Dex: 10    Spells: 7/7 levels left

rFire    . . .     SeeInvis .   a - +0 whip (elec)
rCold    . . .     Gourm    .   (no shield)
rNeg     . . .     Faith    .   (armour unavailable)
rPois    .         Spirit   .   (helmet restricted)
rElec    .         Reflect  .   (no cloak)
rCorr    .         Harm     .   (no gloves)
MR       .....                  (no boots)
Stlth    +.........             i - amulet of magic regeneration
HPRegen  0.12/turn              (no ring)
MPRegen  0.35/turn              (no ring)

@: slowed, very slow
A: unfitting armour, cold-blooded, AC +5
a: no special abilities


You were on level 2 of the Dungeon.
You were not hungry.

You visited 1 branch of the dungeon, and saw 2 of its levels.

You collected 139 gold pieces.

Inventory:

Hand Weapons
 a - a +0 whip of electrocution (weapon)
 b - a +0 quarterstaff
Jewellery
 i - an amulet of magic regeneration (around neck)
Scrolls
 e - 3 scrolls of remove curse {unknown}
 g - a scroll of fog {unknown}
 h - a scroll of amnesia {unknown}
 j - a scroll of magic mapping {unknown}
Potions
 c - 3 potions of curing
 d - a potion of lignification {unknown}
 k - a potion of haste {unknown}
Comestibles
 f - a bread ration


   Skills:
 + Level 3.4 Fighting
 + Level 2.0(2.2) Maces & Flails
 - Level 1.1(1.7) Staves
 + Level 1.5 Dodging
   Level 2.0 Shields
 - Level 2.0 Spellcasting
   Level 3.0 Conjurations


You had 7 spell levels left.
You didn't know any spells.

Dungeon Overview and Level Annotations

Branches:
Dungeon (2/15)

Altars:

Annotations:
D:2 Natasha


Innate Abilities, Weirdness & Mutations

Your plain brown scales are hard. (AC +5)
You cannot fit into any form of body armour.
You are cold-blooded and may be slowed by cold attacks.


Message History

You barely miss Natasha.
Natasha is severely wounded.
Natasha closely misses you.
You barely miss Natasha.
Natasha is severely wounded.
Natasha casts a spell at you. You resist with some effort.
The crimson imp shouts, "Bolt, thou quaking swag-bellied dandiprat!"
Natasha barely misses you.
You miss Natasha.
Natasha is severely wounded.
Natasha casts a spell at you.
You feel as though you will be slow longer.
You barely miss Natasha.
Your tail-slap misses Natasha.
Natasha is severely wounded.
The crimson imp blinks!
Natasha claws you!
* * * LOW HITPOINT WARNING * * *
Natasha stares at you and mumbles some strange words.
The magic dart hits you!
You die...

#..÷...#<##.
........##.##.###.##.
##.......##...[.)g.##.
........##.......###.
....... #....g..# #.
..... #.......# ## # .5.
#.......# # ##. #h#
#.......# ##
##...##@#####.......###.
..........)...........'.
##..[##.######........#.
##. #.# #..#.###.## #
##§# #.[### #.## #..#
#....# #.# #+# #.##
#.##.# #.## #.# #.#
#.##.# #..# #.# #.#
#.##.###...


You could see Natasha and a crimson imp.

Vanquished Creatures
  Natasha (D:2)
  2 gnolls
  A dart slug (D:2)
  A leopard gecko (D:2)
  A giant cockroach (D:1)
  6 goblins
  2 hobgoblins (D:1)
  5 kobolds
  7 bats
  5 frilled lizards
  5 rats
  A fungus (D:1)
37 creatures vanquished.

Notes
Turn   | Place    | Note
-------+----------+-------------------------------------------
     0 | D:1      | namelastname112 the Draconian Wanderer began the quest for the Orb.
     0 | D:1      | namelastname112 set off with: a +0 shield, a +0 quarterstaff, a potion of curing, a +0 club, a bread ration
     0 | D:1      | Reached XP level 1. HP: 17/17 MP: 3/3
   159 | D:1      | Reached XP level 2. HP: 7/25 MP: 5/5
   613 | D:1      | Reached skill level 1 in Maces & Flails
   960 | D:2      | Reached XP level 3. HP: 26/30 MP: 6/6
   983 | D:2      | Noticed Natasha
   989 | D:2      | Killed Natasha
   989 | D:2      | Reached skill level 1 in Dodging
  1470 | D:1      | Reached XP level 4. HP: 9/38 MP: 7/7
  1877 | D:2      | Noticed Natasha
  1893 | D:2      | Killed from afar by Natasha

Vault maps used:
D:1:      minmay_arrival_nine_rooms, minmay_gold_behind_fungi, minivault_4,
          hex_large
D:2:      gammafunk_temple_overflow_claw, uniq_natasha

Skill      XL: |  1  2  3 |
---------------+----------+-----
Maces & Flails | 1 2 |  2.0
Fighting       | 3 |  3.4
Dodging        | 1 |  1.5
Staves         | |  1.1
Shields        | |  2.0
Spellcasting   | |  2.0
Conjurations   | |  3.0

Action                   |  1- 3 |  4- 6 || total
-------------------------+-------+-------++-------
Melee: Whip              |    94 |    27 ||   121
       Quarterstaff      |     9 |       ||     9
       Tailslap          |     8 |     2 ||    10
  Eat: Chunk             |     1 |     2 ||     3
Armor: Skin              |    36 |     8 ||    44
Dodge: Dodged            |    92 |    18 ||   110
